 Dungeon Crawl Stone Soup version 0.20.1-1-g8b1a95d (webtiles) character file.

382 mmigdal the Sneak (level 6, 0/44 HPs)
             Began as a Vampire Enchanter on Oct 30, 2017.
             Succumbed to a worker ant's poison
             ... on level 5 of the Dungeon.
             The game lasted 00:45:05 (8627 turns).

mmigdal the Sneak (Vampire Enchanter)               Turns: 8627, Time: 00:45:06

Health: 0/44       AC:  0    Str:  8    XL:     6   Next: 47%
Magic:  7/9        EV: 22    Int: 17    God:
Gold:   159        SH:  0    Dex: 21    Spells: 2/9 levels left

rFire    . . .     SeeInvis +   (weapon currently unavailable)
rCold    . . .     Gourm    .   (shield currently unavailable)
rNeg     + . .     Faith    .   (armour currently unavailable)
rPois    .         Spirit   .   (helmet currently unavailable)
rElec    .         Reflect  .   (cloak currently unavailable)
rCorr    .         Harm     .   (gloves currently unavailable)
MR       .....                  (boots currently unavailable)
Stlth    +++++.....             (no amulet)
Regen    0.2/turn               (ring currently unavailable)
MPRegen  0.2/turn               (ring currently unavailable)

@: lethally poisoned (0 -> -4), bat-form, flying, hasted, very quick
A: fangs 3, see invisible
a: End Transformation


You were on level 5 of the Dungeon.
You were not thirsty.
You were in vampire-bat-form.
You visited 1 branch of the dungeon, and saw 5 of its levels.

You collected 159 gold pieces.

Inventory:

Hand Weapons
 b - a +1 dagger (melded)
 g - a +0 short sword
 q - a +0 hunting sling of velocity
Missiles
 e - 204 stones (quivered)
 l - 20 poisoned needles
 v - 5 javelins
Armour
 h - a +2 robe of cold resistance (melded)
 n - a +0 pair of gloves (melded)
 r - a +0 cloak
 u - a +0 cloak (melded)
Magical Staves
 m - a cursed staff of fire {unknown}
Jewellery
 a - a ring of protection from cold (melded)
Wands
 x - a wand of disintegration (20/24)
Scrolls
 k - a scroll of amnesia
 p - a scroll of immolation {unknown}
 s - a scroll of blinking
 t - a scroll of remove curse
Potions
 d - 5 potions of blood
 f - a potion of cancellation
 i - a potion of haste
 j - a potion of degeneration {unknown}
 o - a potion of brilliance {unknown}
 w - a potion of might {unknown}
 z - a potion of flight {unknown}
Books
 c - a book of Maledictions

   Spells                             Type                      Level
   a - Corona                         Hexes                        1
   b - Ensorcelled Hibernation        Hexes/Ice                    2
   c - Confuse                        Hexes                        3
   d - Tukima's Dance                 Hexes                        3
   e - Dazzling Spray                 Conjuration/Hexes            3


   Skills:
 + Level 1.7 Fighting
 + Level 3.7 Short Blades
 + Level 1.8(2.1) Slings
 + Level 1.4(2.0) Throwing
 + Level 3.6 Dodging
 + Level 5.3 Stealth
 + Level 2.3 Spellcasting
 + Level 5.0 Hexes


You had 2 spell levels left.
You knew the following spells:

 Your Spells              Type           Power        Failure   Level  Hunger
a - Corona                Hex            ###....      2%          1    #......
b - Dazzling Spray        Conj/Hex       ##....       21%         3    ###....
c - Tukima's Dance        Hex            ###.....     7%          3    ###....


Dungeon Overview and Level Annotations

Branches:
Dungeon (5/15)
 Temple: D:4-7

Altars:
Nemelex Xobeh
Ru

Annotations:
D:3 Grinder, Ijyb, Sigmund


Innate Abilities, Weirdness & Mutations

You have razor-sharp teeth.
You have supernaturally acute eyesight. (SInv)
((You can survive without breathing.))


Message History

You feel sick. The worker ant bites you.
* * * LOW HITPOINT WARNING * * *
Okay, then.
You turn into a vampire bat.
Your +1 dagger melds into your body.
Your +0 cloak melds into your body.
Your +0 pair of gloves melds into your body.
Your +2 robe of cold resistance melds into your body.
Your ring of protection from cold melds into your body.
You feel less resistant to cold.
* * * LOW HITPOINT WARNING * * *
You feel sick. The worker ant barely misses you.
* * * LOW HITPOINT WARNING * * *
You feel sick.
* * * LOW HITPOINT WARNING * * *
You feel sick.
* * * LOW HITPOINT WARNING * * *
You feel sick.
It was a potion of haste.
You feel yourself speed up. The worker ant misses you.
You die...

.#......# #.# #..(....#
.#......# #.# #.......'...
'#.#.#### #.# #.......#.!.
.....# #.###.#.........
...##########..##.#.####....
...# #.......#.##.#.# ..(.
...###.......#..#a#.# ...
...'.'.......)..#.#.# .#
...###.......#..b.# ####
#.......#.#..#
#.......#.#.>#
#.......#.#### #########.#
#.# #.. ##


You could see a worker ant.

Vanquished Creatures
  An ice beast (D:5)
  A howler monkey (D:5)
  2 hounds
  A bullfrog skeleton (D:5)
  A worker ant (D:4)
  A hound skeleton (D:5)
  4 adders
  A shadow imp (D:5)
  An ooze (D:3)
  A dart slug (D:2)
  3 leopard geckos
  An orc (D:3)
  9 bats
  8 giant cockroaches
  7 goblins
  4 hobgoblins
  10 jackals
  5 kobolds
  A quokka (D:4)
  A ball python (D:4)
  6 frilled lizards
  8 rats
77 creatures vanquished.

Vanquished Creatures (collateral kills)
  2 kobolds (D:2)
2 creatures vanquished.

Grand Total: 79 creatures vanquished

Notes
Turn   | Place    | Note
-------+----------+-------------------------------------------
     0 | D:1      | mmigdal the Vampire Enchanter began the quest for the Orb.
     0 | D:1      | Reached XP level 1. HP: 13/13 MP: 3/3
   739 | D:2      | Reached XP level 2. HP: 18/19 MP: 5/5
  2364 | D:1      | Learned a level 2 spell: Ensorcelled Hibernation
  2847 | D:2      | Reached XP level 3. HP: 6/24 MP: 6/6
  3126 | D:2      | Learned a level 3 spell: Tukima's Dance
  3483 | D:2      | Reached skill level 1 in Throwing
  3961 | D:2      | Reached skill level 5 in Stealth
  4320 | D:3      | Noticed Grinder
  4564 | D:3      | Reached XP level 4. HP: 16/31 MP: 7/7
  5044 | D:3      | Found a sparkling altar of Nemelex Xobeh.
  5087 | D:3      | Found a faded altar of an unknown god.
  5130 | D:3      | Reached skill level 5 in Hexes
  5366 | D:3      | Noticed Ijyb
  5432 | D:3      | Noticed Sigmund
  5707 | D:3      | Paralysed by Grinder for 2 turns
  6143 | D:3      | Became a worshipper of Ru the Awakened
  6149 | D:3      | Fell from the grace of Ru
  6294 | D:4      | Learned a level 3 spell: Dazzling Spray
  6842 | D:4      | Reached XP level 5. HP: 36/36 MP: 8/8
  7081 | D:4      | Reached skill level 1 in Fighting
  7231 | D:5      | Entered Level 5 of the Dungeon
  7250 | D:5      | Noticed an ice beast
  7260 | D:5      | Reached skill level 1 in Slings
  8253 | D:5      | Reached XP level 6. HP: 40/44 MP: 9/9
  8561 | D:5      | Killed an ice beast
  8619 | D:5      | HP: 2/44 [poisoned by a worker ant]
  8624 | D:5      | HP: 1/44 [poisoned by a worker ant]
  8627 | D:5      | Succumbed to a worker ant's poison

Skill      XL: |  1  2  3  4  5  6 |
---------------+-------------------+-----
Throwing       | 1 |  1.4
Short Blades   | 2 3 |  3.7
Stealth        | 5 |  5.3
Hexes          | 5 |  5.0
Fighting       | 1 |  1.7
Dodging        | 3 |  3.6
Slings         | 1 |  1.8
Spellcasting   | |  2.3

Action                   |  1- 3 |  4- 6 || total
-------------------------+-------+-------++-------
Melee: Dagger            |   258 |   236 ||   494
       Bite              |    27 |    20 ||    47
       Short sword       |       |    14 ||    14
       Unarmed           |       |    12 ||    12
 Fire: Hunting sling     |       |    40 ||    40
Throw: Stone             |    99 |    26 ||   125
 Cast: Corona            |     8 |     2 ||    10
       Tukima's Dance    |     5 |       ||     5
       Dazzling Spray    |       |     2 ||     2
Invok: Renounce Religion |       |     1 ||     1
 Abil: Bat Form          |     1 |     6 ||     7
       End Transformatio |     1 |     4 ||     5
  Use: Scroll            |     7 |     4 ||    11
       Potion            |     6 |    14 ||    20
 Stab: Sleeping          |       |     3 ||     3
  Eat: Corpse            |     5 |       ||     5
Armor: Robe              |    64 |    64 ||   128
Dodge: Dodged            |   176 |   184 ||   360
